 Dungeon Crawl Stone Soup version 0.25-a0-890-g62861fb (webtiles) character file.

Game seed: 4125546388523859083, levelgen mode: deterministic

14420 ASSMAN the Cleaver (level 11, -5/82 HPs)
             Began as a Demonspawn Berserker on May 8, 2020.
             Was a High Priest of Trog.
             Killed by the air
             ... invoked by Gastronok
              (40 damage)
             ... on level 11 of the Dungeon.
             The game lasted 00:24:45 (9225 turns).

ASSMAN the Cleaver (Demonspawn Berserker)           Turns: 9225, Time: 00:24:45

Health: -5/82      AC: 21    Str: 26    XL:     11   Next: 88%
Magic:  11/11      EV: 24    Int: 11    God:    Trog [*****.]
Gold:   612        SH:  0    Dex: 12    Spells: 10/10 levels left

rFire    + . .     SeeInvis +   j - +0 whip (distort)
rCold    + . .     Gourm    .   (no shield)
rNeg     . . .     Faith    .   z - +1 chain mail of the Iron City of Dis {Str+3 Int+2 Stlth+}
rPois    +         Spirit   .   (helmet restricted)
rElec    +         Reflect  .   N - +1 cloak of Ennui {rElec rF+ Str+2 SInv}
rCorr    .         Harm     .   T - +1 pair of gloves
MR       +....                  q - +1 pair of boots {run}
Stlth    ..........             F - amulet of the acrobat
HPRegen  0.23/turn              J - ring of protection from magic
MPRegen  0.12/turn              w - ring of stealth

@: mighty, acrobat, quick
A: antennae 2, slimy green scales 3, cold resistance 1, spiny 1
a: Berserk, Trog's Hand, Brothers in Arms, Renounce Religion


You were on level 11 of the Dungeon.
You worshipped Trog.
Trog was extremely pleased with you.
You were not hungry.

You visited 1 branch of the dungeon, and saw 11 of its levels.
You also visited: Bailey.

You collected 612 gold pieces.

Inventory:

Hand Weapons
 a - a +1 hand axe
 d - a +5 war axe of freezing
 e - the +8 war axe of Sunlight {vorpal, rN++ Int+4}
   (Trog gifted it to you on level 10 of the Dungeon)

   It inflicts extra damage upon your enemies.
   It affects your intelligence (+4).
   It greatly protects you from negative energy.
 j - a +0 whip of distortion (weapon)
 v - the +8 mithril axe "Arga" {speed, MR+}
   (You found it on level 7 of the Dungeon)

   Attacks with this weapon are significantly faster.
   It affects your resistance to hostile enchantments.
 C - a +2 demon blade of electrocution
Missiles
 A - 6 boomerangs
 B - 7 curare-tipped darts (quivered)
Armour
 h - a scarf of repulsion
 q - a +1 pair of boots of running (worn)
 s - the +1 cloak of Vesyic {Regen+ Str+3}
   (You found it on level 4 of the Dungeon)

   It affects your strength (+3).
   It increases your rate of regeneration.
 z - the +1 chain mail of the Iron City of Dis (worn) {Str+3 Int+2 Stlth+}
   (You found it on level 6 of the Dungeon)

   It affects your strength (+3).
   It affects your intelligence (+2).
   It makes you more stealthy.
 E - a +2 robe of magic resistance
 N - the +1 cloak of Ennui (worn) {rElec rF+ Str+2 SInv}
   (You acquired it on level 10 of the Dungeon)

   It affects your strength (+2).
   It protects you from fire.
   It insulates you from electricity.
   It lets you see invisible.
 T - a +1 pair of gloves (worn)
Jewellery
 w - a ring of stealth (right hand)
 F - an amulet of the acrobat (around neck)
 I - an uncursed ring of teleportation
 J - a ring of protection from magic (left hand)
 K - an uncursed amulet of the gourmand {unknown}
 M - a +3 ring of evasion {unknown}
 P - a cursed ring of ice {unknown}
Wands
 m - a wand of digging (5)
 Q - a wand of flame (16)
Scrolls
 i - 12 scrolls of identify
 l - 7 scrolls of teleportation
 n - 4 scrolls of enchant weapon
 y - a scroll of enchant armour {unknown}
 D - a scroll of blinking
 H - a scroll of amnesia {unknown}
 L - 4 scrolls of remove curse
 O - 2 scrolls of fear {unknown}
Potions
 f - 4 potions of might {unknown}
 g - 2 potions of flight
 k - 2 potions of heal wounds {unknown}
 o - a potion of stabbing
 p - 3 potions of resistance {unknown}
 r - a potion of curing
 t - a potion of brilliance {unknown}
 u - 5 potions of haste {unknown}
 x - a potion of lignification {unknown}
 G - a potion of cancellation {unknown}
 S - a potion of magic {unknown}
Comestibles
 c - 23 rations


   Skills:
 - Level 6.3 Fighting
 + Level 11.9(13.6) Axes
 - Level 11.3(13.3) Maces & Flails
 + Level 4.7 Armour
 - Level 1.7 Dodging


You had 10 spell levels left.
You didn't know any spells.
Your spell library contained the following spells:

 Spells                   Type           Power        Failure   Level  Hunger
 Magic Dart               Conj           #...         91%         1    ##.....
 Summon Small Mammal      Summ           #...         91%         1    ##.....
 Blink                    Tloc           N/A          97%         2    ###....
 Call Imp                 Summ           #.......     97%         2    ###....
 Slow                     Hex            #.......     97%         2    ###....
 Call Canine Familiar     Summ           #.......     99%         3    ####...
 Confusing Touch          Hex            #.......     99%         3    ####...
 Conjure Flame            Conj/Fire      #.......     99%         3    ####...
 Gell's Gravitas          Tloc           #.........   99%         3    ####...
 Mephitic Cloud           Conj/Pois/Air  #.......     99%         3    ####...
 Summon Guardian Golem    Hex/Summ       #.......     99%         3    ####...
 Petrify                  Tmut/Erth      #.......     100%        4    #####..
 Summon Ice Beast         Ice/Summ       #.......     100%        4    #####..
 Summon Lightning Spire   Summ/Air       #.......     100%        4    #####..
 Metabolic Englaciation   Hex/Ice        #.........   100%        5    ######.
 Yara's Violent Unravell  Hex/Tmut       #.........   100%        5    ######.


Dungeon Overview and Level Annotations

Branches:
Dungeon (11/15)            Temple (0/1) D:5            Lair (0/6) D:10
    Orc (0/2) D:10         Bailey (visited)

Altars:
Ashenzari
Fedhas
Okawaru
Trog
Yredelemnul

Shops:
D:4 (   D:6 (   D:8 !

Annotations:
D:11 Gastronok


Innate Abilities, Weirdness & Mutations

You have a pair of antennae on your head.
You are completely covered in slimy green scales. (AC +4, rPois)
Your flesh is cold resistant. (rC+)
You are partially covered in sharp spines.


Message History

You destroy the shadow!
Trog accepts your kill.
Gastronok's eyestalks quiver as he mumbles some strange words.
Gastronok puts on a burst of speed!
Your cyclops goes berserk!
You feel quite a bit more hungry.
Gastronok waves his eye-stalks in wide circles.
The air twists around and strikes you!
Your cyclops hits Gastronok!! You hit Gastronok.
Gastronok is moderately wounded.
Gastronok blinks!
Gastronok waves his eye-stalks in wide circles.
The air twists around and strikes you!!
Your cyclops is engulfed in noxious fumes.
Your cyclops appears confused.
Gastronok makes a strange noise.
Gastronok waves his eye-stalks in wide circles.
The air twists around and strikes you!!!
You die...

.....^...).......#
#.###......#..##...
# .................
....#####..#######
..### ##..# . ##.#
#.#######
######.☼°....#
..........@...#
.........☼☼w..#
..........☼C..##
...............#
....(............
#######.......####
#########


You could see Gastronok and a friendly cyclops (berserk).

Vanquished Creatures
  A two-headed ogre (D:10)
  Pikel (D:9)
  2 orc knights (Bailey)
  A manticore (D:6)
  Joseph (D:7)
  Psyche (D:11)
  A kobold demonologist (Bailey)
  A hippogriff (D:9)
  A shadow (D:11)
  2 wyverns
  4 yaks (D:10)
  A hungry ghost (D:7)
  9 orc warriors (Bailey)
  2 ice beasts
  A sky beast (D:11)
  A slave (D:9)
  4 phantoms
  7 centaurs
  6 ogres
  3 bullfrogs
  2 scorpions
  A troll zombie (D:10)
  5 killer bees (D:8)
  A howler monkey (D:10)
  4 wights (D:8)
  3 electric eels (Bailey)
  5 crimson imps
  2 centaur zombies (D:5)
  2 bullfrog zombies
  2 jellies
  A centaur skeleton (D:10)
  6 hounds
  A gnoll shaman (D:8)
  3 orc priests
  4 orc wizards
  4 iguanas
  5 worker ants
  5 ogre zombies (D:10)
  A hound skeleton (D:5)
  A worker ant zombie (D:7)
  12 gnolls
  8 adders
  A shadow imp (D:5)
  An adder skeleton (D:8)
  5 worms
  3 dart slugs
  6 leopard geckos
  32 orcs
  2 ball pythons
  3 giant cockroaches
  12 hobgoblins
  16 jackals
  9 quokkas
  5 bats
  7 frilled lizards
  15 goblins
  2 goblin zombies (D:10)
  3 hobgoblin skeletons (D:10)
  4 kobolds
  A leopard gecko skeleton (D:4)
  3 orc skeletons (D:10)
  11 orc zombies (D:10)
  7 rats
276 creatures vanquished.

Vanquished Creatures (others)
  A two-headed ogre (D:8)
  5 skeletal warriors (D:9)
  An orc sorcerer (Bailey)
  An ugly thing (D:11)
  A centaur zombie (D:10)
  A merfolk (D:9)
  A hippogriff (D:9)
  2 yaks (D:10)
  A steam dragon (D:9)
  A water moccasin (D:10)
  6 orc warriors
  A phantom (D:11)
  An ogre (D:8)
  A centaur (D:5)
  A big kobold (D:9)
  A scorpion (D:4)
  An electric eel (Bailey)
  A howler monkey (D:8)
  A crimson imp (D:9)
  An orc priest (D:6)
  A bullfrog skeleton (D:6)
  A worker ant (D:10)
  A hound zombie (D:6)
  A gnoll (D:8)
  3 adders
  2 orcs
  A goblin (D:3)
40 creatures vanquished.

Grand Total: 316 creatures vanquished

Notes
Turn   | Place    | Note
-------+----------+-------------------------------------------
     0 | D:1      | ASSMAN the Demonspawn Berserker began the quest for the
                  | Orb.
     0 | D:1      | Reached XP level 1. HP: 18/18 MP: 1/1
   210 | D:1      | Gained mutation: You are partially covered in slimy green
                  | scales. (AC +2) [demonic ancestry]
   210 | D:1      | Reached XP level 2. HP: 18/24 MP: 2/2
   578 | D:2      | Reached ** piety under Trog
   583 | D:2      | Gained mutation: You are mostly covered in slimy green
                  | scales. (AC +3) [demonic ancestry]
   583 | D:2      | Reached XP level 3. HP: 30/30 MP: 3/3
   976 | D:2      | Gained mutation: You have a pair of small antennae on your
                  | head. [demonic ancestry]
   976 | D:2      | Reached XP level 4. HP: 24/38 MP: 4/4
   990 | D:2      | Found a basalt altar of Yredelemnul.
  1000 | D:2      | Found a blossoming altar of Fedhas.
  1024 | D:2      | Reached skill level 5 in Fighting
  1381 | D:2      | Found a shattered altar of Ashenzari.
  1382 | D:2      | Found an iron altar of Okawaru.
  1836 | D:3      | Reached *** piety under Trog
  1897 | D:3      | Noticed an ogre
  1908 | D:3      | Killed an ogre
  1908 | D:3      | Gained mutation: Your flesh is cold resistant. (rC+)
                  | [demonic ancestry]
  1908 | D:3      | Reached XP level 5. HP: 46/46 MP: 5/5
  2293 | D:4      | Noticed an ogre
  2326 | D:4      | Reached skill level 1 in Maces & Flails
  2332 | D:4      | Got an encrusted cloak
  2343 | D:4      | Identified the +1 cloak of Vesyic {Regen+ Str+3} (You found
                  | it on level 4 of the Dungeon)
  2375 | D:4      | Noticed an ogre
  2381 | D:4      | Killed an ogre
  2381 | D:4      | Reached XP level 6. HP: 53/53 MP: 6/6
  2495 | D:4      | Found Xaaposer's Weapon Shoppe.
  2732 | D:5      | Entered Level 5 of the Dungeon
  2792 | D:5      | Reached XP level 7. HP: 59/59 MP: 7/7
  2852 | D:5      | Reached skill level 5 in Maces & Flails
  2882 | D:5      | Reached **** piety under Trog
  2943 | D:5      | Found a staircase to the Ecumenical Temple.
  3198 | D:5      | Found a bloodstained altar of Trog.
  3422 | D:5      | Gained mutation: You are completely covered in slimy green
                  | scales. (AC +4, rPois) [demonic ancestry]
  3422 | D:5      | Reached XP level 8. HP: 65/65 MP: 8/8
  3721 | D:6      | Noticed a manticore
  3730 | D:6      | Killed a manticore
  3741 | D:6      | Got a heavily runed chain mail
  3752 | D:6      | Identified the +1 chain mail of the Iron City of Dis {Str+3
                  | Int+2 Stlth+} (You found it on level 6 of the Dungeon)
  4131 | D:6      | Found Hoaguhik's Antique Weapon Shoppe.
  4360 | D:6      | Gained mutation: You are partially covered in sharp spines.
                  | [demonic ancestry]
  4360 | D:6      | Reached XP level 9. HP: 69/70 MP: 9/9
  4632 | D:7      | Noticed Joseph
  4648 | D:7      | Killed Joseph
  4648 | D:7      | Reached skill level 10 in Maces & Flails
  4717 | D:7      | Found a flagged portal.
  4718 | D:7      | Found the +8 mithril axe "Arga" {speed, MR+}
  4736 | Bailey   | Entered a bailey
  4879 | Bailey   | Found an iron altar of Okawaru.
  4879 | Bailey   | Noticed a kobold demonologist
  4879 | Bailey   | Noticed an orc sorcerer
  4888 | Bailey   | Killed a kobold demonologist
  4889 | Bailey   | Reached ***** piety under Trog
  4891 | Bailey   | Banished an orc sorcerer
  4906 | Bailey   | Noticed an orc knight
  4928 | Bailey   | Killed an orc knight
  4928 | Bailey   | Reached skill level 5 in Axes
  5120 | Bailey   | Reached XP level 10. HP: 77/77 MP: 10/10
  5221 | Bailey   | Noticed an orc knight
  5252 | Bailey   | Killed an orc knight
  5496 | Bailey   | Identified a +1 pair of boots of running (You acquired it
                  | in a bailey)
  5496 | Bailey   | Identified the ring "Lageeq" {Ice Str+4 Int-3 SInv Stlth+}
                  | (You acquired it in a bailey)
  6465 | D:8      | Noticed a two-headed ogre
  6481 | D:8      | Banished a two-headed ogre
  6627 | D:8      | Found Zugibb's Distillery.
  7469 | D:9      | Noticed a skeletal warrior
  7481 | D:9      | Banished a skeletal warrior
  7481 | D:9      | Gained mutation: You have a pair of antennae on your head.
                  | [demonic ancestry]
  7481 | D:9      | Reached XP level 11. HP: 64/82 MP: 11/11
  7513 | D:9      | Noticed a skeletal warrior
  7514 | D:9      | Noticed a skeletal warrior
  7514 | D:9      | Noticed a skeletal warrior
  7531 | D:9      | Banished a skeletal warrior
  7533 | D:9      | Banished a skeletal warrior
  7533 | D:9      | Reached skill level 10 in Axes
  7545 | D:9      | Banished a skeletal warrior
  7576 | D:9      | Noticed a skeletal warrior
  7591 | D:9      | Banished a skeletal warrior
  7848 | D:9      | Noticed Pikel
  7865 | D:9      | Killed Pikel
  8032 | D:10     | Entered Level 10 of the Dungeon
  8329 | D:10     | Found a staircase to the Orcish Mines.
  8378 | D:10     | Noticed a two-headed ogre
  8386 | D:10     | Killed a two-headed ogre
  8540 | D:10     | Found a staircase to the Lair.
  8614 | D:10     | Identified the +1 cloak of Ennui {rElec rF+ Str+2 SInv}
                  | (You acquired it on level 10 of the Dungeon)
  8902 | D:10     | Received a gift from Trog
  8903 | D:10     | Got an ichor-stained war axe {god gift}
  8904 | D:10     | Identified the +8 war axe of Sunlight {vorpal, rN++ Int+4}
                  | (Trog gifted it to you on level 10 of the Dungeon)
  9175 | D:11     | Noticed Psyche
  9176 | D:11     | Noticed a brown ugly thing
  9180 | D:11     | Killed Psyche
  9194 | D:11     | Banished a brown ugly thing
  9205 | D:11     | Noticed Gastronok
  9225 | D:11     | Killed from afar by Gastronok

Levels and vault maps discovered:
D:1:      sevenhm_arrival_forest_fort_large_4, layout_rooms, st_stairs_12,
          chequers_serial_rivers_micro_a, item_on_display_a
D:2:      layout_basic, chequers_temple_overflow_statue_of_worship,
          gammafunk_temple_overflow_pools
D:3:      layout_loops_ring
D:4:      layout_rooms, serial_shops, nicolae_shop_trees, first_ration
D:5:      layout_gridville, minmay_temple_entry_junction, bloody_trog
D:6:      layout_loops_corners, serial_shops, shop, grunt_ministairs_8,
          moated_statue, hangedman_minor_gate_pass
D:7:      layout_loops_ring, enter_bailey_2, uniq_joseph
D:8:      layout_loops_ring, serial_shops, shop
D:9:      layout_long_grid, hangedman_fish_farm, minmay_quadrilaterals,
          uniq_pikel
D:10:     layout_loops_ring, dpeg_oklobed_lair, zombieorc1_lemuel
D:11:     layout_rooms, uniq_gastronok, uniq_psyche

Skill      XL: |  1  2  3  4  5  6  7  8  9 10 11 |
---------------+----------------------------------+-----
Fighting       | 4 6 |  6.3
Maces & Flails | 2 4 6 9 11 | 11.3
Axes           | 5 9 11 | 11.9
Armour         | 4 |  4.7
Dodging        | |  1.7

Action                   |  1- 3 |  4- 6 |  7- 9 | 10-12 || total
-------------------------+-------+-------+-------+-------++-------
Melee: Hand axe          |    84 |     2 |       |       ||    86
       Whip              |       |   156 |   224 |   472 ||   852
Throw: Dart              |       |     6 |    12 |     4 ||    22
       Boomerang         |       |       |     2 |       ||     2
Invok: Berserk           |     2 |       |     4 |     2 ||     8
       Brothers in Arms  |       |       |       |     1 ||     1
Evoke: Wand              |       |       |     3 |     1 ||     4
  Use: Scroll            |     3 |     3 |     2 |     9 ||    17
       Potion            |       |       |       |     1 ||     1
 Stab: Sleeping          |     1 |     2 |       |       ||     3
  Eat: Chunk             |     2 |     6 |     8 |    13 ||    29
       Ration            |       |       |     1 |     1 ||     2
Armor: Animal skin       |    34 |    27 |    19 |       ||    80
       Chain mail        |       |       |    44 |   119 ||   163
Dodge: Dodged            |    77 |   105 |    79 |   144 ||   405
       Repelled          |     7 |     1 |       |       ||     8

Table legend:
 A = Non-vault XP
 B = Vault XP
 C = Vault XP percentage of total XP
 D = Non-vault monster count
 E = Vault monster count
 F = Vault count percentage of total count
                 A         B        C        D         E       F
            +---------+---------+-------+---------+---------+-------
      Total |   13652 |    6949 |  33.7 |     226 |      89 |  28.3
            +---------+---------+-------+---------+---------+-------
        D:1 |      24 |       4 |  14.3 |      14 |       3 |  17.6
        D:2 |     135 |       0 |   0.0 |      33 |       0 |   0.0
        D:3 |     140 |       0 |   0.0 |      18 |       0 |   0.0
        D:4 |     408 |       0 |   0.0 |      19 |       0 |   0.0
        D:5 |     773 |       0 |   0.0 |      23 |       0 |   0.0
        D:6 |     557 |     880 |  61.2 |      19 |       7 |  26.9
        D:7 |     795 |     466 |  37.0 |      18 |       1 |   5.3
        D:8 |    2467 |       0 |   0.0 |      34 |       0 |   0.0
        D:9 |    3865 |     952 |  19.8 |      18 |       6 |  25.0
       D:10 |    3356 |     577 |  14.7 |      24 |      28 |  53.8
       D:11 |    1132 |     395 |  25.9 |       6 |       1 |  14.3
     Bailey |       0 |    3675 | 100.0 |       0 |      43 | 100.0
            +---------+---------+-------+---------+---------+-------
